Selects Advanced Infantry Battlegroup
Construct Medical Station
Selects Convert to Ranger Squad
Selects Designate Assault Position
Designate Assault Position
M4(105) Sherman Bulldozer
Selects Ranger Weapon Training
Construct Weapon Support Center
M4(105) Sherman Bulldozer
Selects Ammunition Storage
Selects Ammunition Storage
Selects M2A1 105mm Howitzer Emplacement
Improved M9 Bazooka Rockets
Selects 155mm Rapid Artillery Barrage